 Dungeon Crawl Stone Soup version 0.29.1-15-g9cfb28693d (webtiles) character file.

Game seed: 5400015573303181936

61 protoss039 the Digger (level 3, -2/27 HPs)
             Began as a Demonspawn Earth Elementalist on Mar 14, 2023.
             Slain by an orc
             ... wielding a +0 short sword
              (4 damage)
             ... on level 3 of the Dungeon.
             The game lasted 00:01:29 (1995 turns).

protoss039 the Digger (DsEE)                        Turns: 1995, Time: 00:01:30

Health: -2/27      AC:  2    Str:  8    XL:     3   Next: 83%
Magic:  6/7        EV: 12    Int: 18    God:
Gold:   159        SH:  0    Dex: 13    Spells: 4/7 levels left

rFire   . . .      SeeInvis .   k - +0 rapier
rCold   . . .      Faith    .   (no shield)
rNeg    . . .      Spirit   .   a - +0 robe
rPois   .          Reflect  .   (no helmet)
rElec   .          Harm     .   (no cloak)
rCorr   .          Rampage  .   (no gloves)
Will    .....                   (no boots)
Stlth   +.........              (no amulet)
HPRegen 0.09/turn               (no ring)
MPRegen 0.10/turn               (no ring)

@: confused
A: hooves 1, powered by pain 1
a: no special abilities


You were on level 3 of the Dungeon.
You visited 1 branch of the dungeon, and saw 3 of its levels.

You collected 159 gold pieces.

Inventory:

Hand Weapons
 k - a +0 rapier (weapon)
Armour
 a - a +0 robe (worn)
Scrolls
 f - a scroll of noise {unknown}
 g - 3 scrolls of identify {unknown}
 h - a scroll of fear {unknown}
Potions
 b - 2 potions of magic
 e - a potion of brilliance {unknown}
 i - a potion of cancellation {unknown}
 j - a potion of resistance {unknown}


   Skills:
 + Level 1.8 Fighting
 - Level 1.7 Dodging
 - Level 1.7 Stealth
 + Level 2.7 Spellcasting
 - Level 0.8 Transmutations
 + Level 3.3 Earth Magic


You had 4 spell levels left.
You knew the following spells:

 Your Spells              Type           Power      Damage    Failure   Level
a - Sandblast             Erth           28%        2d8       4%          1
b - Passwall              Tmut/Erth      8%         N/A       11%         2

Your spell library contained the following spells:

 Spells                   Type           Power      Damage    Failure   Level
 Stone Arrow              Conj/Erth      16%        3d8       26%         3
 Petrify                  Tmut/Erth      10%        N/A       56%         4
 Airstrike                Air            1%         2d(1-17)  86%         4
 Summon Lightning Spire   Summ/Air       2%         N/A       86%         4
 Lightning Bolt           Conj/Air       1%         1d12      99%         5


Dungeon Overview and Level Annotations

Branches:
Dungeon (3/15) Zot: 15991

Altars:


Innate Abilities, Weirdness & Mutations

You have large cloven feet.
You sometimes gain a little power by taking damage.


Message History

You completely miss the orc. You kick the orc.
The orc is heavily wounded.
Something hits you. The orc misses you.
Unknown command.
You barely miss the orc. You kick the orc, but do no damage.
The orc is heavily wounded.
The orc closely misses you.
You hear some strange, mumbled words.
You are confused.
Unknown command.
You're too confused to cast spells.
Unknown command.
Unknown command.
You're too confused to cast spells.
You miss the orc. Your kick misses the orc. You punch the orc.
The orc is heavily wounded.
The orc barely misses you. Something hits you but does no damage.
Unknown command.
You bump into the rock wall.
You hear some strange, mumbled words.
A magic dart appears from out of thin air!
The magic dart hits you.
* * * LOW HITPOINT WARNING * * *
The orc misses you.
Unknown command.
You barely miss the orc.
The orc is heavily wounded.
The orc hits you with a +0 short sword.
* * * LOW HITPOINT WARNING * * *
Something hits you but does no damage.
Unknown command.
Okay, then.
You hit the orc. You kick the orc, but do no damage.
The orc is severely wounded.
The orc hits you but does no damage. Something hits you.
* * * LOW HITPOINT WARNING * * *
Something hits you.
* * * LOW HITPOINT WARNING * * *
The orc hits you with a +0 short sword.
You die...

#..<................#
.##.###.....###########
...................#
###.#####.########.#
#.#####......# #.#
#.##....####.# #.#
#.##.#### #.# #.#
#.##.#######.###.#
#.##.#......){@#.# #.
#<#.###.###o#.# #.####.
#.# #.#.# .......###o#
#.#.#
......o....###.#.#
......o...(....#.#
.................#
#.################ #


You could see an orc.

Vanquished Creatures
  An orc priest (D:3)
  An adder (D:3)
  A dart slug (D:1)
  An orc (D:3)
  2 endoplasms
  A goblin (D:2)
  4 hobgoblins
  A ball python (D:2)
  2 bats
  2 frilled lizards
  A kobold (D:1)
  6 rats
23 creatures vanquished.

Notes
Turn   | Place    | Note
-------+----------+-------------------------------------------
     0 | D:1      | protoss039 the Demonspawn Earth Elementalist began the
                  | quest for the Orb.
     0 | D:1      | Reached XP level 1. HP: 13/13 MP: 3/3
   653 | D:1      | Gained mutation: You sometimes gain a little power by
                  | taking damage. [demonic ancestry]
   653 | D:1      | Reached XP level 2. HP: 20/20 MP: 3/5
   934 | D:1      | Learned a level 2 spell: Passwall
  1039 | D:2      | Reached skill level 1 in Fighting
  1039 | D:2      | Reached skill level 3 in Earth Magic
  1114 | D:2      | Found a faded altar of an unknown god.
  1804 | D:3      | Gained mutation: You have large cloven feet. [demonic
                  | ancestry]
  1804 | D:3      | Reached XP level 3. HP: 22/26 MP: 4/6
  1995 | D:3      | Slain by an orc

Illustrated notes

Levels and vault maps discovered:
D:1:      evilmike_arrival_home_sweet_home, layout_loops_ring
D:2:      layout_basic, shapermc_ecumenical_altar_totnotflames
D:3:      cheibrodos_helix_gallery, layout_basic, cheibrodos_sewer_entry_bend

Skill      XL: |  1  2 |
---------------+-------+-----
Fighting       | 1 |  1.8
Earth Magic    | 3 |  3.3
Dodging        | |  1.7
Stealth        | |  1.7
Spellcasting   | |  2.7
Transmutations | |  0.8

Action                   || total
-------------------------++-------
Melee: Short sword       ||    20
       Rapier            ||    25
       Punch             ||     2
       Kick              ||     6
 Cast: Sandblast         ||    14
  Use: Potion            ||     3
 Stab: Sleeping          ||     4
Armor: Robe              ||     8
Dodge: Dodged            ||    33
